Yev-Ruu, chaotic female vampiric Convict ------------- -------------- |...........| #dZ^..i.......| |...........| ###|Y.........>..# |...........+###### # ------.-------[ |+..........|/#####[[################## # |....<.......##########--------.----# ) ----------.--# # |`.........`+# # #### ###|.....`.....| ----- ) #....-----...| |...| # |...|.{.|...| |...| # |.[`.{.{|`..| |.%.| # |...|.{.|...| ---.- # |...-----...| #########%####### |.....`.....| #---------|--- |`.........`| #|....(......| ------------- #|...........| #|...........| #-...........| ------------- Yev-Ruu the Prisoner Experience level: 11 Strength: 25 Dexterity: 15 Constitution: 20 Intelligence: 12 Wisdom: 9 Charisma: 9 Health: 0(113) Energy: 72(72) AC: -6 Gold: 64 Moves: 13830 Your Inventory: Coins $ - 64 gold pieces Weapons O - an uncursed rustproof [+0] broadsword named Luck Blade [Luck Blade] Armor b - an uncursed +0 striped shirt (being worn) o - an [uncursed] +0 small shield (being worn) C - an [uncursed] +0 dwarvish mithril-coat (being worn) R - an uncursed corroded +0 pair of gauntlets of power and cold resistance (being worn) T - an uncursed +0 cloak of invisibility (being worn) U - a blessed +4 iron skull cap [orcish helm] (being worn) X - a blessed +1 pair of boots called Kickyboots [kicking] (being worn) Comestibles D - an uncursed Hyper Futa Mare Dick named Joy Wands v - an uncursed wand called Tele [of teleportation (0:3)] w - an uncursed wand called Tele [of teleportation (0:6)] Tools f - an uncursed bag of holding named Portal to the elemental plane of TEETH k - an uncursed [+0] unicorn horn Iron balls c - an uncursed heavy iron ball (weapon in hand) Contents of the bag of holding named Portal to the elemental plane of TEETH: an uncursed +0 elven cloak a [cursed] unlabeled scroll [of blank paper] an [uncursed] potion of paralysis an uncursed wand of fire [0:5] an uncursed wand of fire [0:6] Spells known in the end: Name Level Category Fail Memory a - magic missile 2 attack 100% [||||||||] Your skills at the end: Fighting Skills body armor [Basic / Skilled] Weapon Skills flail [Expert / Expert] sling [Basic / Skilled] Spellcasting Skills Final Attributes: You were piously aligned. Hunger level was -446. Your alignment was 78 / 79. Monster difficulty range was 1 - 10. Level difficulty was 9. You were immune to cold. You were immune to poison. You were immune to level-drain. You were immune to sickness. You were telepathic. You were invisible. You could fly. You could survive without air. You regenerated. You were lucky (4). You had extra luck. Bad luck did not time out for you. Good luck did not time out for you. Tymora was angry with you (1). You are dead. Vanquished creatures: a vampire lord a black pudding 2 ghosts a stalker 13 giant zombies a sergeant 4 small mimics a xan an ettin mummy 7 trolls a sasquatch a giant turtle a large dog 2 flaming spheres a shocking sphere a tengu an energy vortex a mountain centaur an elf mummy a human mummy 2 pythons a wraith a carnivorous ape 5 ettin zombies 2 leather golems a chameleon 2 quivering blobs a cockatrice 2 wolves 2 winter wolf cubs 2 leprechauns 5 orc-captains 5 giant spiders a scorpion a horse an ice vortex a black light 3 vampire bats a gnome king 2 orc mummies a dwarf mummy 2 owlbears 2 yetis 2 gold golems a Green-elf a dog a housecat 2 white unicorns 2 dust vortices a raven 3 gnome mummies 3 snakes 2 human zombies a rope golem 4 soldier ants a snow ant 5 bugbears a water nymph a mountain nymph 7 Mordor orcs 5 Uruk-hai 4 orc shamans a rock piercer an enormous rat a rock mole a pony a fog cloud 4 yellow lights 2 shriekers 3 violet fungi 14 gnome lords 3 gnomish wizards 3 kobold mummies a red naga hatchling a golden naga hatchling 5 gray oozes a barrow wight an elf zombie 2 ghouls a straw golem 2 giant ants a little dog a floating eye 17 dwarves 2 kobold lords a kobold shaman 23 hill orcs a rothe a rabid rat 3 giant bats a monkey 6 orc zombies 3 dwarf zombies 2 iguanas 7 killer bees 4 acid blobs 5 gas spores 5 hobbits a large kobold 10 hobgoblins a giant rat a brown mold 4 yellow molds a green mold 3 red molds 70 gnomes 4 garter snakes 3 gnome zombies 6 geckos 7 jackals 5 kobolds 19 goblins 5 sewer rats 4 grid bugs 3 lichens 11 newts 425 creatures vanquished. Voluntary challenges: You went without food. You never hit with a wielded weapon. You read items or engraved 10 times. You put on armor 30 times. You never genocided any monsters. You never polymorphed an object. You never changed form. You used no wishes. You abstained from Elbereth's help. You never encountered a bones level. You never used any Sokoban shortcuts. Dungeon overview: The Dungeons of Doom: levels 1 to 11 Level 1 a fountain a long staircase Level 2 a fountain stairs to The Gnomish Mines Level 3 a general store, a fountain, a sink Level 4 a fountain Level 7 a general store, an altar Level 8 (Nympho) some trees Level 9 <- You were here many fountains Level 10 stairs to Sokoban Level 11 stairs to Town The Gnomish Mines: levels 3 to 10 Level 3 stairs to The Dungeons of Doom Level 6 many shops, a temple to Tymora, a magic chest Level 10 a fountain Sokoban: Level 9 a magic chest stairs to The Dungeons of Doom Town: Level 10 stairs to The Dungeons of Doom History has recorded: On T:1 you entered the Dungeons of Doom to retrieve the Amulet of Yendor! On T:328 you reached level 2 of The Dungeons of Doom. On T:804 you reached level 1 of The Gnomish Mines. On T:805 you advanced to experience level 2. On T:814 you advanced to experience level 3. On T:858 you advanced to experience level 4. On T:914 you advanced to experience level 5. On T:1401 you reached level 2 of The Gnomish Mines. On T:1410 you advanced to experience level 6. On T:1848 you reached level 3 of The Gnomish Mines. On T:1927 you advanced to experience level 7. On T:2264 you reached level 4 of The Gnomish Mines. On T:2413 you advanced to experience level 8. On T:2430 you received Luck Blade from Tymora. On T:2505 you received Dragonbane from Tymora. On T:3359 you reached level 5 of The Gnomish Mines. On T:3372 you advanced to experience level 9. On T:3818 you reached level 6 of The Gnomish Mines. On T:5141 you reached level 7 of The Gnomish Mines. On T:5515 you reached level 8 of The Gnomish Mines. On T:5654 you advanced to experience level 10. On T:7787 you reached level 3 of The Dungeons of Doom. On T:9080 you reached level 4 of The Dungeons of Doom. On T:9342 you advanced to experience level 11. On T:9588 you reached level 5 of The Dungeons of Doom. On T:10005 you reached level 6 of The Dungeons of Doom. On T:10484 you reached level 7 of The Dungeons of Doom. On T:11209 you reached level 8 of The Dungeons of Doom. On T:11277 you reached level 9 of The Dungeons of Doom. On T:11671 you reached level 10 of The Dungeons of Doom. On T:12175 you reached level 3 of Sokoban. On T:12517 you reached level 11 of The Dungeons of Doom. On T:12866 you reached level 3 of Town. Latest messages: The human zombie hits! [HP-3=11] The ape hits! (2x) The ape misses. [HP-1=10] The ape hits! The ape misses. The ape bites! The human zombie hits! [HP-2=8] The ape hits! (2x) The ape misses. [HP-1=7] The ape hits! (2x) The ape bites! The human zombie hits! [HP-4=3] The ape hits! The ape misses. The ape bites! The ape hits! (2x) The ape bites! You die... Final status: Goodbye Yev-Ruu the Convict... You died in The Dungeons of Doom on dungeon level 9 with 32540 points, and 64 pieces of gold, after 13830 moves. You were level 11 with a maximum of 113 hit points when you died.